 Dungeon Crawl Stone Soup version 0.18-a0-1370-gc45fe74 (webtiles) character file.

1977 Minkie the Poker (level 8, -11/68 HPs)
             Began as a Demigod Fighter on Feb 21, 2016.
             Mangled by Prince Ribbit (13 damage)
             ... on level 7 of the Dungeon.
             The game lasted 00:18:39 (6312 turns).

Minkie the Poker (Demigod Fighter)                  Turns: 6312, Time: 00:18:39

Health: -11/68     AC: 13    Str: 19    XL:     8   Next: 69%
Magic:  19/19      EV:  5    Int: 16    God:
Gold:   344        SH: 10    Dex: 15    Spells: 0 memorised, 7 levels left

rFire  . . .     SeeInvis .     a - +0 trident
rCold  . . .     Gourm    .     w - +0 chain mail
rNeg   . . .     Faith    .     c - +0 shield
rPois  .         Spirit   .     (no helmet)
rElec  .         Dismiss  .     s - +0 cloak
rCorr  .         Reflect  .     e - +1 pair of gloves
SustAt +         Harm     .     (no boots)
MR     .....                    (no amulet)
Stlth  ..........               (no ring)
                                h - ring of magical power

@: not resistant to hostile enchantments, extremely unstealthy
A: high mp 1, sustain attributes
a: no special abilities


You were on level 7 of the Dungeon.
You were not hungry.

You visited 1 branch of the dungeon, and saw 7 of its levels.
You also visited: Sewer.

You collected 344 gold pieces.

Inventory:

Hand Weapons
 a - a +0 trident (weapon)
Missiles
 b - 2 throwing nets
 t - 17 tomahawks (quivered)
Armour
 c - a +0 shield (worn)
 e - a +1 pair of gloves (worn)
 s - a +0 cloak (worn)
 w - a +0 chain mail (worn)
Jewellery
 h - a ring of magical power (left hand)
Wands
 y - a wand of hasting (3/9)
 G - a wand of disintegration (11/24)
 H - a wand of iceblast (6/15)
 K - a wand of heal wounds (5/9)
Scrolls
 k - a scroll of immolation {unknown}
 l - 3 scrolls of remove curse {unknown}
 m - a scroll of magic mapping {unknown}
 o - 2 scrolls of noise {unknown}
 q - 2 scrolls of enchant armour {unknown}
 u - 5 scrolls of identify {unknown}
 z - a scroll of fear {unknown}
 B - a scroll of teleportation {unknown}
 E - a scroll of fog {unknown}
 F - a scroll of amnesia {unknown}
 I - a scroll of enchant weapon {unknown}
 J - a scroll of random uselessness {unknown}
Potions
 d - 2 potions of might
 g - 4 potions of curing {unknown}
 i - 2 potions of brilliance {unknown}
 p - 4 potions of invisibility {unknown}
 r - 3 potions of degeneration {unknown}
 v - a potion of ambrosia {unknown}
 A - a potion of berserk rage {unknown}
 C - a potion of beneficial mutation {unknown}
 D - a potion of lignification {unknown}
Books
 O - a book of Hinderance

   Spells                             Type                      Level
   a - Confusing Touch                Hexes                        2
   b - Confuse                        Hexes                        3
   c - Gell's Gravitas                Hexes/Translocation          3
   d - Petrify                        Transmutation/Earth          4
   e - Metabolic Englaciation         Hexes/Ice                    5
   f - Yara's Violent Unravelling     Hexes/Transmutation          5
Miscellaneous
 n - a plain deck of wonders
Comestibles
 f - 5 bread rations
 j - a meat ration
 x - a beef jerky
 L - a fruit
 M - 3 chunks of flesh
 N - a royal jelly


   Skills:
 + Level 5.3 Fighting
 * Level 6.9 Polearms
 + Level 5.6 Armour
 + Level 5.6 Shields


You had 7 spell levels left.
You didn't know any spells.

Dungeon Overview and Level Annotations

Branches:
Dungeon (7/15)             Temple (0/1) D:6

Annotations:
D:4 Sigmund
D:7 Prince Ribbit


Innate Abilities, Weirdness & Mutations

You have an increased reservoir of magic (+10% MP).
Your attributes are resistant to harm.


Message History

The centaur skeleton hits you but does no damage.
Prince Ribbit says, "You're just another fly to me."
The centaur skeleton hits you.
* * * LOW HITPOINT WARNING * * *
You hit the centaur skeleton.
You block the centaur skeleton's attack.
You puncture the centaur skeleton! You block Prince Ribbit's attack.
The centaur skeleton barely misses you. Prince Ribbit hits you.
* * * LOW HITPOINT WARNING * * *
You puncture the centaur skeleton!
You destroy the centaur skeleton!
You block Prince Ribbit's attack.
Prince Ribbit hops awkwardly around.
Prince Ribbit hits you but does no damage.
Prince Ribbit hits you!
* * * LOW HITPOINT WARNING * * *
Prince Ribbit hits you!
* * * LOW HITPOINT WARNING * * *
Prince Ribbit hits you!
You die...

##...## #.# ##+##
#.# #.# #.# # #.# #
##. #.# # #... #.#
#
###...###########.#
#
.......@F.........#
#
####.##############
# # # # # #


You could see Prince Ribbit.

Vanquished Creatures
  A hippogriff (D:6)
  Purgy (Sewer)
  2 ice beasts
  3 ogres
  2 centaurs
  3 giant frogs
  A big kobold (D:7)
  The ghost of Minkie the Sneak, an amateur SpEn (D:4)
  An electric eel (D:6)
  2 crimson imps
  The ghost of Ultraviolent4 the Ruffian, a weakling VSMo (D:3)
  4 hounds
  2 centaur skeletons
  A jelly (D:6)
  Crazy Yiuf (D:2)
  A giant frog skeleton (D:4)
  2 orc wizards (D:4)
  Jessica (D:3)
  5 worker ants
  A hound zombie (D:5)
  4 gnolls (D:4)
  5 adders
  An ooze (D:4)
  An adder skeleton (D:4)
  A worm (D:3)
  5 giant geckos
  23 orcs
  5 giant cockroaches
  10 hobgoblins
  7 jackals (D:4)
  14 kobolds
  4 quokkas
  A ball python (D:3)
  9 bats
  5 giant newts
  11 goblins
  8 rats
150 creatures vanquished.

Notes
Turn   | Place    | Note
--------------------------------------------------------------
     0 | D:1      | Minkie the Demigod Fighter began the quest for the Orb.
     0 | D:1      | Reached XP level 1. HP: 18/18 MP: 3/3
   294 | D:1      | Reached XP level 2. HP: 25/25 MP: 4/4
   522 | D:1      | Reached skill level 3 in Shields
   829 | D:2      | Reached XP level 3. HP: 30/30 MP: 5/5
  1074 | D:2      | Found a shadowy altar of Dithmenos.
  1299 | D:2      | Noticed Crazy Yiuf
  1308 | D:2      | Killed Crazy Yiuf
  1308 | D:2      | Reached XP level 4. HP: 19/38 MP: 6/6
  1714 | D:3      | Found a basalt altar of Yredelemnul.
  1818 | D:3      | Noticed Jessica
  1827 | D:3      | Killed Jessica
  1934 | D:3      | Noticed Ultraviolent4's ghost (weakling VSMo)
  1976 | D:3      | Killed Ultraviolent4's ghost
  1976 | D:3      | Reached XP level 5. HP: 17/45 MP: 7/7
  2253 | D:3      | Found an ancient bone altar of Kikubaaqudgha.
  2253 | D:3      | Found a shimmering altar of Xom.
  2253 | D:3      | Found a stormy altar of Qazlal.
  2261 | D:3      | Found a bloodstained altar of Trog.
  2717 | D:4      | Noticed an ogre
  2727 | D:4      | Killed an ogre
  2727 | D:4      | Reached skill level 4 in Polearms
  2727 | D:4      | Reached XP level 6. HP: 45/51 MP: 8/8
  2746 | D:4      | Noticed Minkie's ghost (amateur SpEn)
  2827 | D:4      | Killed Minkie's ghost
  3160 | D:4      | Reached XP level 7. HP: 55/58 MP: 9/9
  3356 | D:4      | Noticed Sigmund
  3379 | D:5      | Entered Level 5 of the Dungeon
  3773 | D:5      | Found a glowing drain.
  3777 | Sewer    | Entered a sewer
  3821 | Sewer    | Noticed Purgy
  3849 | Sewer    | Killed Purgy
  3849 | Sewer    | Reached skill level 5 in Polearms
  4385 | D:5      | Found a snail-covered altar of Cheibriados.
  4394 | D:5      | Found a sacrificial altar of Ru.
  4517 | D:6      | Noticed a hippogriff
  4552 | D:6      | Killed a hippogriff
  4552 | D:6      | Reached skill level 5 in Armour
  4552 | D:6      | Reached skill level 5 in Shields
  4552 | D:6      | Reached XP level 8. HP: 6/67 MP: 10/10
  4872 | D:6      | Reached skill level 6 in Polearms
  5506 | D:6      | Reached skill level 5 in Fighting
  5649 | D:6      | Found a staircase to the Ecumenical Temple.
  5832 | D:7      | Noticed Prince Ribbit
  6310 | D:7      | HP: 1/68 [Prince Ribbit (10)]
  6312 | D:7      | Mangled by Prince Ribbit

Vault maps used:
D:1:      eino_arrival_tree_alley
D:2:      overflow_temple_1_default, first_bread, small_statue_intersection,
          uniq_crazy_yiuf_cottage
D:3:      nicolae_overflow_quartered_altars, marbit_many_paths,
          kennysheep_generic_room_11, uniq_jessica
D:4:      kennysheep_mini_moat, minmay_vboxes, uniq_sigmund
D:5:      minitemple, lightli_sewer_entry_pipes, amalloy_card_club
D:6:      lemuel_temple_firewalk_marked, serial_bayou_pond_b
D:7:      kennysheep_mini, uniq_prince_ribbit1
Sewer:    sewer_big_baddie

Action                   |  1- 3 |  4- 6 |  7- 9 || total
-------------------------+-------+-------+-------++-------
Melee: Trident           |   132 |   295 |   423 ||   850
Throw: Tomahawk          |       |     3 |     5 ||     8
Evoke: Wand              |       |       |     1 ||     1
  Eat: Chunk             |     1 |     7 |    11 ||    19
